cohdb
Replays
Latest Replays
All Replays
Popular Replays
Top Player Replays
Match Explorer
How It Works
Community
CoH3 Stats
Reddit
Sign in to upload your games and track your stats! →
Sign in with Steam
Match 42826804
Unlisted
Match 42826804
Overview
Messages
Build Orders
End
Construct Section Command Post
Selects Australian Defense Battlegroup
Selects Australian Light Infantry Section
Australian Light Infantry Section
Vickers Machine Gun Team
Infantry Section
Australian Light Infantry Section
Selects 2-pounder Anti-tank Gun Team
FR
Brother
0
0
Comments
sign in to comment!
No comments posted yet!